 Dungeon Crawl Stone Soup version 0.31-a0-345-g1ebeae05c6 (webtiles) character file.

Game seed: 16867836568200389098

77 derpindaisy the Vexing (level 4, -4/34 HPs)
             Began as a Gnoll Hexslinger on July 23, 2023.
             Was a Believer of Jiyva.
             Slain by an orc priest
             ... wielding a +0 war axe
              (8 damage)
             ... on level 3 of the Dungeon.
             The game lasted 00:06:40 (1531 turns).

derpindaisy the Vexing (Gnoll Hexslinger)           Turns: 1531, Time: 00:06:40

Health: -4/34      AC:  3    Str:  7    XL:     4   Next: 34%
Magic:  8/8        EV: 14    Int: 13    God:    Jiyva [**....]
Gold:   112        SH:  0    Dex: 16    Spells: 5/9 levels left

rFire   . . .        a - +1 sling
rCold   + . .        (no shield)
rNeg    . . .        c - +1 robe
rPois   .            (no helmet)
rElec   .            (no cloak)
rCorr   +            (no gloves)
SInv    +            (no boots)
Will    .....        (no amulet)
Stlth   +            e - ring of protection from cold
HPRegen 1.21/turn    (no ring)
MPRegen 0.41/turn

%: no passive effects
@: confused
A: fangs 1, strong nose, distributed training, see invisible
a: Renounce Religion


You were on level 3 of the Dungeon.
You worshipped Jiyva.
Jiyva was pleased with you.
You visited 1 branch of the dungeon, and saw 4 of its levels.

You collected 112 gold pieces.

Inventory:

Hand Weapons
 a - a +1 sling (weapon)
Armour
 c - a +1 robe (worn)
Jewellery
 e - a ring of protection from cold (left hand)
Scrolls
 b - a scroll of poison
 h - a scroll of identify {unknown}
Potions
 f - a potion of ambrosia {unknown}
 g - a potion of heal wounds {unknown}


   Skills:
 + Level 2.7 Fighting
 + Level 1.1 Short Blades
 + Level 1.1 Long Blades
 + Level 1.1 Axes
 + Level 1.1 Maces & Flails
 + Level 1.1 Polearms
 + Level 1.1 Staves
 + Level 4.6 Ranged Weapons
 + Level 1.1 Throwing
 + Level 1.1 Armour
 + Level 4.6 Dodging
 + Level 1.1 Stealth
 + Level 1.1 Shields
 + Level 1.1 Unarmed Combat
 + Level 3.0 Spellcasting
 + Level 0.9 Conjurations
 + Level 5.4 Hexes
 + Level 0.9 Summonings
 + Level 0.9 Necromancy
 + Level 0.9 Translocations
 + Level 0.9 Transmutations
 + Level 0.9 Fire Magic
 + Level 0.9 Ice Magic
 + Level 0.9 Air Magic
 + Level 0.9 Earth Magic
 + Level 0.9 Poison Magic
 + Level 1.2 Invocations
 + Level 1.1 Evocations
 + Level 0.9 Shapeshifting


You had 5 spell levels left.
You knew the following spells:

 Your Spells              Type           Power      Damage    Failure   Level
a - Slow                  Hex            64%        N/A       2%          1
b - Inner Flame           Hex/Fire       10%        N/A       19%         3

Your spell library contained the following spells:

 Spells                   Type           Power      Damage    Failure   Level
 Portal Projectile        Hex/Tloc       20%        N/A       19%         3
 Cause Fear               Hex            8%         N/A       24%         4


Dungeon Overview and Level Annotations

Branches:
Dungeon (4/15)
 Temple: D:4-7

Altars:
Jiyva


Innate Abilities, Weirdness & Mutations

You have very sharp teeth.
Your uncanny sense of smell can sniff out nearby items.
Your experience applies equally to all skills.
You have supernaturally acute eyesight. (SInv)


Message History

You shoot a sling bullet.
Fire: a) +1 sling
Press: ? - help, Shift-Dir - straight line, f - you Really target yourself?
Something hits you.
* * * LOW HITPOINT WARNING * * *
You climb downwards.
Reactivating autopickup.
A sourceless malevolence fills the Dungeon... and a teleportation trap spontaneously manifests!
You are yanked towards some nearby monsters!
Your surroundings suddenly seem different.
A goblin, a ball python, an orc wizard and a scorpion come into view.
Found a dark potion.
Found a stone staircase leading up.
Found a stone staircase leading up.
An orc priest comes into view. It is wielding a +0 war axe.
A kobold comes into view. It is wielding a +0 club.
Found an escape hatch in the ceiling.
An orc wizard comes into view. It is wielding a +0 dagger.
The orc priest shouts!
The kobold shouts!
The kobold throws a stone.
The stone hits you.
An orc comes into view. It is wielding a +0 mace.
A kobold comes into view. It is wielding a +0 dagger.
You hear a distant slurping noise.
The orc wizard shouts!
You hear a shout!
Found a stone staircase leading down.
The orc wizard casts a spell at you.
You are confused.
The orc priest hits you with a +0 war axe!
* * * LOW HITPOINT WARNING * * *
An orc comes into view. It is wielding a +0 morningstar.
There is a stone staircase leading up, spattered with blood here.
The orc priest hits you with a +0 war axe!
* * * LOW HITPOINT WARNING * * *
You climb upwards.
There is a stone staircase leading down here.
It was a potion of mutation.
You feel extremely strange.
Your vision sharpens.
The orc priest hits you with a +0 war axe!
You die...

#.........# ..#
##.........# #.#
##..........###.#
###............##.### ####
#.....<.............####...
#.#.#..^.................##
...#..........####.##...##
.J ...........## #.#......
###.....@..## #.#...###
###..o..............#
##############....# ##...#
#...# #...# #...#


You could see an orc priest.

Vanquished Creatures
  2 adders
  A dart slug (D:1)
  4 orcs (D:3)
  14 giant cockroaches
  A goblin (D:1)
  4 jackals (D:2)
  3 quokkas
  3 ball pythons
  5 bats
  3 frilled lizards
  5 kobolds
  5 rats
50 creatures vanquished.

Vanquished Creatures (others)
  2 worms (D:2)
  2 ball pythons (D:2)
  A giant cockroach (D:2)
  3 goblins (D:2)
  2 hobgoblins (D:2)
  2 kobolds (D:2)
  2 rats
14 creatures vanquished.

Grand Total: 64 creatures vanquished

Notes
Turn   | Place    | Note
-------+----------+-------------------------------------------
     0 | D:1      | derpindaisy the Gnoll Hexslinger began the quest for the
                  | Orb.
     0 | D:1      | Reached XP level 1. HP: 17/17 MP: 4/4
    41 | D:1      | Found a faded altar of an unknown god.
    55 | D:1      | Prayed at the altar of an unknown god.
    55 | D:1      | Became a worshipper of Jiyva Jiniwy the Shapeless
    55 | D:1      | Reached * piety under Jiyva
   127 | D:1      | Reached XP level 2. HP: 23/23 MP: 5/5
   553 | D:1      | Reached ** piety under Jiyva
   635 | D:2      | Reached XP level 3. HP: 28/28 MP: 7/7
   731 | D:2      | Reached skill level 1 in Invocations
   800 | D:2      | Reached skill level 1 in Short Blades
   800 | D:2      | Reached skill level 1 in Long Blades
   800 | D:2      | Reached skill level 1 in Axes
   800 | D:2      | Reached skill level 1 in Maces & Flails
   800 | D:2      | Reached skill level 1 in Polearms
   800 | D:2      | Reached skill level 1 in Staves
   800 | D:2      | Reached skill level 1 in Throwing
   800 | D:2      | Reached skill level 1 in Armour
   800 | D:2      | Reached skill level 1 in Stealth
   800 | D:2      | Reached skill level 1 in Shields
   800 | D:2      | Reached skill level 1 in Unarmed Combat
   800 | D:2      | Reached skill level 1 in Evocations
   949 | D:2      | Learned a level 3 spell: Inner Flame
  1355 | D:3      | Reached XP level 4. HP: 33/34 MP: 8/8
  1520 | D:4      | Noticed a scorpion
  1529 | D:4      | HP: 1/34 [orc priest/+0 war axe (9)]
  1531 | D:3      | Gained mutation: You have supernaturally acute eyesight.
                  | (SInv) [potion of mutation]
  1531 | D:3      | Slain by an orc priest

Illustrated notes

Levels and vault maps discovered:
D:1:      minmay_arrival_loop, layout_loops_ring, serial_glass, glass_columns_a,
          glass_columns_b, item_on_display_a, ebering_ecumenical_altar_webs
D:2:      minmay_roachtagon, layout_loops_ring
D:3:      layout_rooms, kennysheep_small_spiral, minmay_misc_feat_alley,
          hex_medium
D:4:      layout_rooms, minmay_temple_entry_poolview, serial_glass,
          glass_columns_a, glass_columns_b, uniq_robin

Skill      XL: |  1  2  3  4 |
---------------+-------------+-----
Invocations    | 1 |  1.2
Short Blades   | 1 |  1.1
Long Blades    | 1 |  1.1
Axes           | 1 |  1.1
Maces & Flails | 1 |  1.1
Polearms       | 1 |  1.1
Staves         | 1 |  1.1
Throwing       | 1 |  1.1
Armour         | 1 |  1.1
Stealth        | 1 |  1.1
Shields        | 1 |  1.1
Unarmed Combat | 1 |  1.1
Evocations     | 1 |  1.1
Spellcasting   | 3 |  3.0
Fighting       | |  2.7
Ranged Weapons | |  4.6
Dodging        | |  4.6
Conjurations   | |  0.9
Hexes          | |  5.4
Summonings     | |  0.9
Necromancy     | |  0.9
Translocations | |  0.9
Transmutations | |  0.9
Fire Magic     | |  0.9
Ice Magic      | |  0.9
Air Magic      | |  0.9
Earth Magic    | |  0.9
Poison Magic   | |  0.9
Shapeshifting  | |  0.9

Action                     |  1- 3 |  4- 6 || total
---------------------------+-------+-------++-------
   Fire: Sling             |   106 |    45 ||   151
    Use: Scroll            |     3 |       ||     3
         Potion            |       |     1 ||     1
 Armour: Robe              |    10 |    13 ||    23
  Dodge: Dodged            |    42 |    12 ||    54

Table legend: (Time is in decaauts)
 A = Elapsed time spent in this place.
 B = Non-inter-level travel time spent in this place.
 C = Inter-level travel time spent in this place.
 D = Time resting spent in this place.
 E = Time spent auto-exploring this place.
 F = Levels seen in this place.
 G = Mean time per level.
                   A        B        C        D        E       F      G
               +--------+--------+--------+--------+--------+-----+--------+
         Total |   1556 |   1496 |     60 |      0 |   1196 |   4 |  389.0 |
       Dungeon |   1556 |   1496 |     60 |      0 |   1196 |   4 |  389.0 |
               +--------+--------+--------+--------+--------+-----+--------+

Top non-repeatable levels by time:
     D:2: 733 daAuts
     D:1: 630 daAuts
     D:3: 183 daAuts
     D:4: 9 daAuts
